 Dungeon Crawl Stone Soup version bcrawl-1.28 (webtiles) character file.

Game seed: 1896729712227527884

329577 LostNumber the Grappler (level 10, 0/60 HPs)
             Began as a Twilight Stalker Martial Artist on Nov 21, 2020.
             Was an Elder of Wu Jian.
             Slain by a killer bee (10 damage)
             ... on level 7 of the Dungeon.
             The game lasted 00:09:31 (5950 turns).

LostNumber the Grappler (VSMA)                      Turns: 5950, Time: 00:09:31

Health: 0/60       AC:  7    Str: 19    XL:     10   Next: 0%
Magic:  14/14      EV: 17    Int:  9    God:    Wu Jian [****..]
Gold:   593        SH:  0    Dex: 16    Spells: 10/11 levels left

rFire    + . .     SeeInvis .     - Fists (17.3)
rCold    . . .     Gourm    .   (no shield)
rNeg     . . .     Faith    .   K - +2 robe {MR+}
rPois    .         Spirit   .   (no helmet)
rElec    .         Reflect  .   (no cloak)
rCorr    .         Harm     .   L - +1 pair of gloves
MR       +++..                  r - +0 pair of boots
Stlth    ++++......             I - amulet of rage
HPRegen  0.60/turn              l - ring of protection from magic
MPRegen  0.14/turn              k - ring of the Salmon {+Fly rF+}

@: no status effects
A: fangs 3, nightstalker 1, regeneration 1, no potion heal 3, rot immunity,
draining bite, strong jaws, assimilated armour
a: Wall Jump, Serpent's Lash, Heavenly Storm, Renounce Religion, Evoke Berserk
Rage, Evoke Flight


You were on level 7 of the Dungeon.
You worshipped Wu Jian.
Wu Jian was greatly pleased with you.
You were hungry.

You visited 1 branch of the dungeon, and saw 8 of its levels.
You also visited: Sewer.

You collected 632 gold pieces.
You spent 39 gold pieces at shops.

Inventory:

Hand Weapons
 A - the cursed +0 short sword "Irach" {pierce, Str+2, unknown}
   (You found it on level 4 of the Dungeon)

   It will always inflict at least some extra damage.
   This minimum extra damage increases with your current reserve of magical
   power.
   It affects your strength (+2).
   It has a curse placed upon it.
Armour
 a - a +1 robe
 r - a +0 pair of boots (worn)
   (You found it on level 3 of the Dungeon)
 K - a +2 robe of magic resistance (worn)
   (You took it off Dowan on level 7 of the Dungeon)
 L - a +1 pair of gloves (worn)
   (You found it on level 4 of the Dungeon)
 M - a scarf of stasis
   (You found it on level 7 of the Dungeon)
Jewellery
 i - an uncursed ring of insulation
   (You found it on level 1 of the Dungeon)
 k - the ring of the Salmon (right hand) {+Fly rF+}
   (You found it on level 2 of the Dungeon)

   [ring of flight]

   It protects you from fire.
   It lets you fly.
 l - a ring of protection from magic (left hand)
   (You found it on level 4 of the Dungeon)
 C - an uncursed amulet of guardian spirit {unknown}
   (You found it on level 5 of the Dungeon)
 E - an uncursed ring of wizardry {unknown}
   (You found it on level 6 of the Dungeon)
 I - an amulet of rage (around neck)
   (You found it on level 4 of the Dungeon)
Wands
 t - a wand of flame (11)
   (You took it off Duvessa on level 7 of the Dungeon)
 v - a wand of digging (7)
   (You found it on level 7 of the Dungeon)
 x - a wand of acid (9)
   (You found it on level 6 of the Dungeon)
 G - a wand of random effects (11)
   (You found it on level 6 of the Dungeon)
Scrolls
 c - a scroll of noise {unknown}
 g - 2 scrolls of amnesia
 n - 2 scrolls of fear
 q - 3 scrolls of teleportation {@r4}
 s - a scroll of magic mapping {unknown}
 u - a scroll of fog {unknown}
 w - a scroll of blinking {unknown}
 y - 2 scrolls of identify {@r1}
 z - 2 scrolls of immolation {!r}
 B - 2 scrolls of enchant armour
 F - 2 scrolls of remove curse {@r2}
 H - a scroll of vulnerability {unknown}
Potions
 b - 3 potions of agility
 d - 10 potions of curing {@q1}
 f - a potion of heal wounds {@q2}
 h - a potion of might {unknown}
 j - 3 potions of invisibility {unknown}
 m - a potion of degeneration {unknown}
 o - a potion of resistance {unknown}
 p - 3 potions of flight {unknown}
 D - 3 potions of magic {unknown}
Comestibles
 e - 19 rations {!d!d}
 J - 2 chunks of flesh


   Skills:
 + Level 6.1 Fighting
 + Level 7.3 Dodging
 + Level 6.1 Stealth
 * Level 9.5 Unarmed Combat
 - Level 1.1 Spellcasting
 - Level 1.0 Hexes
 + Level 4.4 Evocations


You had 10 spell levels left.
You knew the following spells:

 Your Spells              Type           Power        Failure   Level  Hunger
a - Confusing Touch       Hex            #.......     24%         1    None

Your spell library contained the following spells:

 Spells                   Type           Power        Failure   Level  Hunger
 Magic Dart               Conj           #...         36%         1    None
 Searing Ray              Conj           #.......     50%         2    ###....
 Iskenderun's Mystic Bla  Conj           #.......     73%         3    #####..
 Fulminant Prism          Conj/Hex       #.........   96%         4    ######.
 Irradiate                Conj/Tmut      #.........   100%        5    #######


Dungeon Overview and Level Annotations

Branches:
Dungeon (8/12)             Temple (0/1) D:5
   Lair: D:7-9          Orc: D:8-11

Altars:
Cheibriados
Elyvilon
Fedhas
Gozag
Kikubaaqudgha
Lugonu
Makhleb
Qazlal
Vehumet

Shops:
D:4 [   D:5 [?=?   D:6 *


Innate Abilities, Weirdness & Mutations

You have razor-sharp teeth.
You are slightly more attuned to the shadows.
Your natural rate of healing is unusually fast.
Potions cannot restore your health.
You are immune to rotting.
Your bite drains your enemy's life force.
Your bites deal extra damage.
Your stealth is less affected by armour.


Message History

The Council accepts your kill.
You feel sick. The killer bee barely misses you.
You see here a killer bee corpse.
Unknown command.
You feel sick.
The killer bee stings you but does no damage.
You feel sick. The killer bee stings you!
* * * LOW HITPOINT WARNING * * *
You are more poisoned.
The killer bee poisons you!
You hit the killer bee. Your bite misses the killer bee.
You feel sick.
The killer bee stings you but does no damage.
You hit the killer bee. Your bite misses the killer bee.
You feel sick.
The killer bee stings you but does no damage.
The killer bee barely misses you.
You barely miss the killer bee. You punch the killer bee!
You feel sick. The killer bee closely misses you.
You miss the killer bee. Your bite misses the killer bee.
You feel sick. The killer bee stings you!
* * * LOW HITPOINT WARNING * * *
You are lethally poisoned!
The killer bee poisons you! The killer bee misses you.
Your system rejects the healing.
You feel better. The killer bee misses you.
The sky beast flickers out of sight!
Deactivating autopickup; reactivate with Ctrl-A.
The killer bee barely misses you.
Unknown command.
You miss the killer bee. Your bite misses the killer bee.
The killer bee completely misses you.
You closely miss the killer bee. Your bite misses the killer bee.
The killer bee misses you.
The killer bee stings you but does no damage.
You hit the killer bee. Your bite misses the killer bee.
The killer bee misses you.
You barely miss the killer bee.
You bite the killer bee, but do no damage.
The killer bee stings you.
* * * LOW HITPOINT WARNING * * *
The killer bee closely misses you.
You hit the killer bee but do no damage.
Your bite misses the killer bee. The killer bee stings you.
* * * LOW HITPOINT WARNING * * *
You punch the killer bee!
You kill the killer bee!
The Council accepts your kill.
You have reached level 10!
A sky beast appears from thin air!
Reactivating autopickup.
The killer bee stings you!
You die...

##### ####### #....
############..Y..############....
...>†..........y@................
###.########.....###.########....
#.# #.....# #.# #........ #.#
####### #.# #.######. ###'## #.#
#.# #. .....# #.# #.# #. .....#
#######.# #.# #. >....# #.......#
#.######. .....# ##.#######
#.#......


You could see a sky beast and a killer bee.

Vanquished Creatures
  A centaur skeleton (D:6)
  A troll (D:7)
  Grinder (D:5)
  A hippogriff (D:6)
  A basilisk (D:7)
  A yak (D:5)
  A water moccasin (D:4)
  Duvessa (D:7)
  3 sky beasts
  A black bear (D:7)
  2 ice beasts
  A centaur (D:7)
  2 big kobolds
  2 scorpions (D:5)
  4 killer bees
  Dowan (D:7)
  3 wights (D:7)
  A howler monkey (D:5)
  2 crimson imps
  A jelly (D:7)
  4 hounds
  A bullfrog skeleton (D:4)
  An iguana (D:5)
  An orc wizard (D:5)
  4 worker ants
  A hound skeleton (D:6)
  5 river rats
  8 adders
  2 shadow imps (D:3)
  An ooze (D:1)
  An adder skeleton (D:4)
  4 worms
  2 dart slugs (D:1)
  3 leopard geckos
  11 orcs
  A ball python (D:3)
  2 bats
  4 giant cockroaches
  4 goblins
  8 hobgoblins
  11 jackals
  2 quokkas
  3 frilled lizards
  7 kobolds
  15 rats
137 creatures vanquished.

Notes
Turn   | Place    | Note
-------+----------+-------------------------------------------
     0 | D:1      | LostNumber the Vine Stalker Martial Artist began the quest
                  | for the Orb.
     0 | D:1      | Reached XP level 1. HP: 13/13 MP: 3/3
    89 | D:1      | Reached XP level 2. HP: 18/18 MP: 4/4
   473 | D:1      | Reached XP level 3. HP: 23/23 MP: 5/5
   691 | D:2      | Reached ** piety under Wu Jian
   753 | D:2      | Got a flickering platinum ring
   754 | D:2      | Found a white marble altar of Elyvilon.
   756 | D:2      | Identified the ring of the Salmon {+Fly rF+} (You found it
                  | on level 2 of the Dungeon)
  1337 | D:2      | Reached XP level 4. HP: 28/28 MP: 6/6
  1350 | D:2      | Found a burning altar of Makhleb.
  1371 | D:2      | Reached skill level 5 in Unarmed Combat
  1862 | D:3      | Reached XP level 5. HP: 19/32 MP: 7/7
  1895 | D:3      | Found a glowing drain.
  1899 | Sewer    | Entered a sewer
  1974 | Sewer    | Noticed a big kobold
  1988 | Sewer    | Killed a big kobold
  2049 | Sewer    | Found a glowing silver altar of Zin.
  2184 | D:3      | Gained mutation: You have razor-sharp teeth. [Vine Stalker
                  | growth]
  2184 | D:3      | Reached XP level 6. HP: 36/38 MP: 8/8
  3043 | D:4      | Reached skill level 6 in Unarmed Combat
  3054 | D:4      | Reached *** piety under Wu Jian
  3249 | D:4      | Noticed a sky beast
  3258 | D:4      | Killed a sky beast
  3258 | D:4      | Reached skill level 5 in Dodging
  3258 | D:4      | Reached XP level 7. HP: 32/43 MP: 9/9
  3317 | D:4      | Found Difisepn's Armour Boutique.
  3359 | D:4      | Reached skill level 1 in Evocations
  3371 | D:4      | Got a steaming short sword
  3601 | D:5      | Entered Level 5 of the Dungeon
  3630 | D:5      | Found Veckij's Magic Scroll Boutique.
  3652 | D:5      | Reached skill level 7 in Unarmed Combat
  3668 | D:5      | Gained mutation: Your bite drains your enemy's life force.
                  | [Twilight Stalker growth]
  3668 | D:5      | Gained mutation: Your stealth is less affected by armour.
                  | [Twilight Stalker growth]
  3668 | D:5      | Gained mutation: You are slightly more attuned to the
                  | shadows. [Twilight Stalker growth]
  3668 | D:5      | Reached XP level 8. HP: 36/48 MP: 9/10
  3676 | D:5      | Noticed Grinder
  3683 | D:5      | Killed Grinder
  3707 | D:5      | Bought a scroll of teleportation for 39 gold pieces
  3777 | D:5      | Found Lupixa's Jewellery Boutique.
  3881 | D:5      | Noticed a yak
  3894 | D:5      | Killed a yak
  3894 | D:5      | Reached skill level 5 in Fighting
  3960 | D:5      | Found an ancient bone altar of Kikubaaqudgha.
  3960 | D:5      | Found a radiant altar of Vehumet.
  3961 | D:5      | Found a snail-covered altar of Cheibriados.
  4128 | D:5      | Found a staircase to the Ecumenical Temple.
  4205 | D:5      | Found a blossoming altar of Fedhas.
  4253 | D:5      | Found Exkal's Armour Shoppe.
  4267 | D:5      | Found Pinuorudgh's Magic Scroll Shop.
  4630 | D:6      | Noticed a hippogriff
  4639 | D:6      | Killed a hippogriff
  4639 | D:6      | Reached skill level 8 in Unarmed Combat
  4713 | D:6      | Reached XP level 9. HP: 54/54 MP: 12/12
  4843 | D:6      | Found a corrupted altar of Lugonu.
  4941 | D:6      | Found Golyoleo's General Store.
  5189 | D:7      | Noticed Dowan
  5192 | D:7      | Noticed Duvessa
  5194 | D:7      | Killed Dowan
  5238 | D:7      | Killed Duvessa
  5319 | D:7      | Reached **** piety under Wu Jian
  5319 | D:7      | Reached skill level 5 in Stealth
  5409 | D:7      | Noticed a troll
  5416 | D:7      | Killed a troll
  5416 | D:7      | Reached skill level 9 in Unarmed Combat
  5440 | D:7      | Found a stormy altar of Qazlal.
  5792 | D:7      | Found an opulent altar of Gozag.
  5940 | D:7      | Reached XP level 10. HP: 4/60 MP: 14/14
  5950 | D:7      | Slain by a killer bee

Skill      XL: |  1  2  3  4  5  6  7  8  9 |
---------------+----------------------------+-----
Fighting       | 3 4 5 6 |  6.1
Dodging        | 4 5 6 7 |  7.3
Unarmed Combat | 5 6 7 8 9 |  9.5
Evocations     | 2 3 4 |  4.4
Stealth        | 4 6 |  6.1
Spellcasting   | |  1.1
Hexes          | |  1.0

Action                   |  1- 3 |  4- 6 |  7- 9 | 10-12 || total
-------------------------+-------+-------+-------+-------++-------
Melee: Unarmed           |    93 |   260 |   217 |       ||   570
       Bite              |     5 |    29 |    58 |       ||    92
       Punch             |     2 |     4 |     7 |       ||    13
Invok: Lunge             |    12 |    14 |    10 |       ||    36
       Whirlwind         |       |     6 |     1 |       ||     7
       Heavenly Storm    |       |       |     1 |       ||     1
 Abil: Evoke Berserk Rag |       |       |     1 |       ||     1
  Use: Scroll            |     6 |     1 |       |       ||     7
       Potion            |       |       |     1 |       ||     1
 Stab: Sleeping          |     8 |     5 |    13 |       ||    26
       Distracted        |       |       |     1 |       ||     1
  Eat: Chunk             |     3 |    12 |    13 |       ||    28
Armor: Robe              |     3 |    36 |    36 |       ||    75
Dodge: Dodged            |    49 |   142 |   139 |       ||   330
